 Dungeon Sprint DCSS version 0.29.1-15-g9cfb28693d (webtiles) character file.

Game seed: 4988065394310532496

23 Groucho the Magician (level 2, -12/15 HPs)
             Began as a Deep Elf Earth Elementalist on Apr 29, 2023.
             Was a Believer of Vehumet.
             Mangled by an orc warrior
             ... wielding a +0 long sword
              (15 damage)
             ... in the Dungeon (Sprint VII: "The Pits").
             The game lasted 00:04:10 (1430 turns).

Groucho the Magician (Deep Elf Earth Elementalist)  Turns: 1430, Time: 00:04:11

Health: -12/15     AC:  2    Str:  5    XL:     2   Next: 75%
Magic:  6/9        EV: 13    Int: 19    God:    Vehumet [**....]
Gold:   0          SH:  0    Dex: 15    Spells: 7/10 levels left

rFire   . . .      SeeInvis .   l - +2 quarterstaff (speed)
rCold   . . .      Faith    .   (shield currently unavailable)
rNeg    . . .      Spirit   .   a - +0 robe
rPois   .          Reflect  .   (no helmet)
rElec   .          Harm     .   (no cloak)
rCorr   .          Rampage  .   (no gloves)
Will    .....      NoTele   +   (no boots)
Stlth   +++.......              (no amulet)
HPRegen 0.05/turn               (no ring)
MPRegen 0.11/turn               (no ring)

@: no status effects
A: no striking features
a: Renounce Religion


You were in the Dungeon.
You worshipped Vehumet.
Vehumet was pleased with you.
You visited 1 branch

Inventory:

Hand Weapons
 l - a +2 quarterstaff of speed (weapon)
Missiles
 i - 10 stones
Armour
 a - a +0 robe (worn)
 g - a +3 ring mail
Scrolls
 j - 5 scrolls of amnesia
 k - a scroll of summoning
Potions
 b - 5 potions of magic
 c - 6 potions of curing
 d - 5 potions of heal wounds
 e - a potion of haste
 f - 3 potions of berserk rage
 h - 2 potions of invisibility


   Skills:
 + Level 0.0 Armour
 + Level 3.7 Dodging
 + Level 3.9 Stealth
 + Level 4.5 Spellcasting
 + Level 1.7 Conjurations
 - Level 1.1 Transmutations
 + Level 0.0 Ice Magic
 + Level 1.4 Air Magic
 + Level 4.2 Earth Magic


You had 7 spell levels left.
You knew the following spells:

 Your Spells              Type           Power      Damage    Failure   Level
a - Sandblast             Erth           40%        2d10      2%          1
b - Shock                 Conj/Air       40%        1d5       7%          1
c - Freeze                Ice            16%        1d4       13%         1

Your spell library contained the following spells:

 Spells                   Type           Power      Damage    Failure   Level
 Passwall                 Tmut/Erth      11%        N/A       7%          2
 Stone Arrow              Conj/Erth      30%        3d8       12%         3
 Petrify                  Tmut/Erth      14%        N/A       41%         4


Dungeon Overview and Level Annotations

Branches:
Dungeon (1/1)

Altars:
Ashenzari
Cheibriados
Dithmenos
Elyvilon
Fedhas
Gozag
Hepliaklqana
Kikubaaqudgha
Makhleb
Nemelex Xobeh
Okawaru
Qazlal
Ru
Sif Muna
Trog
Uskayaw
Vehumet
Wu Jian
Xom
Yredelemnul
Zin
The Shining One
Jiyva
Lugonu


Message History

The zap hits the orc warrior.
The orc warrior is lightly wounded.
The zap hits the bullfrog.
The bullfrog is moderately wounded.
The zap hits the orc priest.
The orc priest is heavily wounded.
The zap misses the quokka.
Unknown command.
Unknown command.
Casting: Shock (safe; 7% risk of failure)
Confirm with . or Enter, or press ? or * to list all spells.
Aiming: Shock (safe; 7% risk of failure)
Press: ? - help, Shift-Dir - straight line, f/p - quokka
Aim: a quokka (56% to hit)
The zap misses the orc warrior.
The zap misses the bullfrog.
The zap hits the orc priest.
The orc priest is heavily wounded.
The zap misses the quokka.
An orc comes into view. It is wielding a +0 dagger.
Unknown command.
Unknown command.
The orc warrior attacks as you move away!
The orc warrior barely misses you.
There is an open door here.
The orc priest looks braver for a moment.
The orc warrior attacks as you move away!
The orc warrior hits you with a +0 long sword!
Ouch! That really hurt!
* * * LOW HITPOINT WARNING * * *
Unknown command.
Unknown command.
Unknown command.
You feel much better.
The orc priest invokes the aid of Beogh against you.
Beogh smites you!
Ouch! That really hurt!
* * * LOW HITPOINT WARNING * * *
The orc warrior hits you with a +0 long sword!
Ouch! That really hurt!
You die...

############ #_________.#
#_________.#
#_______...###########++
##########'##...........
#.?..')))'.##......#..#.
##########.##...........
#ro..Fo@....+...........
#'#####'#####..s.ยง.#..#.
#.#...#.#.[##...........
#.#...#.#))#####'#####++
#.#...'.#))##.......#
#o##'####))##.......#
#r#.....#..##.......#
#o#.....#'###...<...#
#.#........##.......#


You could see an orc warrior, a bullfrog, an orc priest and a quokka.

Vanquished Creatures
  A river rat (D)
  An adder skeleton (D)
  An adder zombie (D)
  A bat skeleton (D)
  A giant cockroach (D)
  A hobgoblin (D)
  2 jackals (D)
  A bat (D)
9 creatures vanquished.

Notes
Turn   | Place    | Note
-------+----------+-------------------------------------------
     0 | D        | Groucho the Deep Elf Earth Elementalist began the quest for
                  | the Orb.
     0 | D        | Reached XP level 1. HP: 10/10 MP: 6/6
     8 | D        | Noticed a scorpion
   486 | D        | Found a bloodstained altar of Trog.
   486 | D        | Found a shimmering blue altar of Sif Muna.
   486 | D        | Found a viscous altar of Jiyva.
   486 | D        | Found a hazy altar of Hepliaklqana.
   486 | D        | Found an opulent altar of Gozag.
   487 | D        | Found a glowing golden altar of the Shining One.
   487 | D        | Found a glowing silver altar of Zin.
   487 | D        | Found a basalt altar of Yredelemnul.
   487 | D        | Found a shimmering altar of Xom.
   487 | D        | Found an ornate altar of the Wu Jian Council.
   487 | D        | Found a sacrificial altar of Ru.
   487 | D        | Found a stormy altar of Qazlal.
   487 | D        | Found an iron altar of Okawaru.
   487 | D        | Found a sparkling altar of Nemelex Xobeh.
   487 | D        | Found a burning altar of Makhleb.
   487 | D        | Found a blossoming altar of Fedhas.
   487 | D        | Found a white marble altar of Elyvilon.
   487 | D        | Found a shadowy altar of Dithmenos.
   487 | D        | Found a snail-covered altar of Cheibriados.
   489 | D        | Found a radiant altar of Vehumet.
   489 | D        | Found a corrupted altar of Lugonu.
   490 | D        | Found a hide-covered altar of Uskayaw.
   490 | D        | Found an ancient bone altar of Kikubaaqudgha.
   490 | D        | Found a broken altar of Ashenzari.
   497 | D        | Became a worshipper of Vehumet
   516 | D        | Reached * piety under Vehumet
   516 | D        | Offered knowledge of Shock by Vehumet.
   519 | D        | Learned a level 1 spell: Shock
   823 | D        | Reached skill level 1 in Conjurations
   823 | D        | Reached skill level 1 in Air Magic
   823 | D        | Reached XP level 2. HP: 15/15 MP: 5/9
  1104 | D        | Offered knowledge of Freeze by Vehumet.
  1104 | D        | Reached ** piety under Vehumet
  1329 | D        | Learned a level 1 spell: Freeze
  1405 | D        | Noticed an orc warrior
  1411 | D        | Noticed a bullfrog
  1411 | D        | Noticed a sky beast
  1430 | D        | Mangled by an orc warrior

Illustrated notes

Levels and vault maps discovered:
D:        pitsprint [storerooms_1, entrance_room_1, metal_vault_6, armoury_1,
          mini_pit_1, grid_room_1, main_hall_1, silver_pit, the_coven_1,
          the_vestibule_1, steel_vault_5, golden_pit, hallway_of_sentries,
          crystal_vault_4, iron_vault_1, final_vault]

Skill      XL: |  1 |
---------------+----+-----
Dodging        | 3 |  3.7
Stealth        | 3 |  3.9
Spellcasting   | 4 |  4.5
Conjurations   | 1 |  1.7
Air Magic      | 1 |  1.4
Earth Magic    | 4 |  4.2
Transmutations | |  1.1

Action                   || total
-------------------------++-------
 Cast: Sandblast         ||    13
       Shock             ||     5
  Use: Scroll            ||     1
       Potion            ||     1
Dodge: Dodged            ||     9
